 Dungeon Crawl Stone Soup version 0.30-a0-234-g97d66968fd (webtiles) character file.

Game seed: 8977895818059677541

44922 qw the Cleaver (level 14, -19/90 HPs)
             Began as a Gargoyle Fighter on Oct 9, 2022.
             Was the Champion of Okawaru.
             Demolished by a dire elephant simulacrum (44 damage)
             ... animated by a necromancer
             ... on level 5 of the Lair of Beasts.
             The game lasted 00:06:18 (12765 turns).

qw the Cleaver (Gargoyle Fighter)                  Turns: 12765, Time: 00:06:18

Health: -19/90     AC: 45    Str: 23    XL:     14   Next: 30%
Magic:  19/19      EV: 10    Int: 11    God:    Okawaru [******]
Gold:   2093       SH: 14    Dex: 15    Spells: 13/13 levels left

rFire   . . .      SeeInvis +    n - +1 broad axe (venom)
rCold   . . .      Faith    .    e - +0 kite shield
rNeg    + . .      Spirit   .    f - +2 plate armour {rF+}
rPois   inf        Reflect  .    g - +1 helmet
rElec   +          Harm     .    r - +0 cloak {rPois}
rCorr   .          Rampage  .    q - +2 pair of gloves
Will    +....                    j - +2 pair of boots
Stlth   ..........               a - amulet of regeneration
HPRegen 1.15/turn                b - ring of Wunys {rPois rF- Int+2 Dex+6 SInv}
MPRegen 0.16/turn                c - +4 ring of protection

@: about to teleport, heroic, flying
A: sickness immunity, AC +10, big wings, negative energy resistance 1,
electricity resistance, torment resistance 1, petrification resistance, low MP
1, weak 1
a: Renounce Religion, Heroism, Finesse, Duel


You were on level 5 of the Lair of Beasts.
You worshipped Okawaru.
Okawaru was exalted by your worship.
You visited 3 branches of the dungeon, and saw 15 of its levels.

You collected 2198 gold pieces.
You spent 105 gold pieces at shops.


Innate Abilities, Weirdness & Mutations

You are immune to sickness and miasma.
Your stone body is resilient. (AC +10)
You are immune to poison.
Your large and strong wings let you fly.
You resist negative energy. (rN+)
You are resistant to electric shocks. (rElec)
You are resistant to unholy torment.
You are immune to petrification.
Your magical capacity is low. (-10% MP)
You are weak. (Str -2)


   Skills:
 - Level 11.0(16.0) Fighting
 - Level 14.0(19.0) Axes
 - Level 4.3(9.3) Throwing
 + Level 10.2(15.2) Armour
 - Level 3.0(8.0) Dodging
 - Level 11.2(16.2) Shields
 - Level 10.0 Invocations


You had 13 spell levels left.
You didn't know any spells.
Your spell library was empty.

Inventory:

Hand Weapons
 n - a +1 broad axe of venom (weapon)
 s - a +0 morningstar
Missiles
 u - 2 boomerangs (quivered)
 x - 2 silver boomerangs
Armour
 e - a +0 kite shield (worn)
 f - a +2 plate armour of fire resistance (worn)
 g - a +1 helmet (worn)
 j - a +2 pair of boots (worn)
 q - a +2 pair of gloves (worn)
 r - a +0 cloak of poison resistance (worn)
Jewellery
 a - an amulet of regeneration (around neck)
 b - the ring of Wunys (left hand) {rPois rF- Int+2 Dex+6 SInv}
   (You acquired it on level 3 of the Dungeon)

   [ring of dexterity]

   Int:       It affects your intelligence (+2).
   Dex:       It affects your dexterity (+6).
   rF:        It makes you vulnerable to fire.
   rPois:     It protects you from poison.
   SInv:      It lets you see invisible.
 c - a +4 ring of protection (right hand)
 p - a ring of willpower
 y - an amulet of reflection
Scrolls
 m - 8 scrolls of identify
Potions
 d - 4 potions of might
 h - 3 potions of lignification
 i - a potion of haste
 k - 3 potions of attraction
 l - 3 potions of mutation
 o - 8 potions of curing
 t - a potion of heal wounds

Dungeon Overview and Level Annotations

Branches:
Dungeon (9/15)             Temple (1/1) D:5            Lair (5/5) D:9
 Shoals (0/4) Lair:2        Snake (0/4) Lair:3        Slime (0/5) Lair:4
    Orc: D:9-12

Altars:
Ashenzari
Cheibriados
Dithmenos
Elyvilon
Fedhas
Gozag
Hepliaklqana
Kikubaaqudgha
Makhleb
Nemelex Xobeh
Okawaru
Qazlal
Ru
Sif Muna
Trog
Uskayaw
Vehumet
Wu Jian
Xom
Yredelemnul
The Shining One
Jiyva

Shops:
D:4 *

Annotations:
D:4 1 runed translucent door, Crazy Yiuf


Message History

You block the dire elephant's attack.
The dire elephant trunk-slaps you but does no damage.
The necromancer gestures wildly while chanting.
The necromancer binds the souls of nearby monsters.
You block the dire elephant's attack.
The dire elephant trunk-slaps you but does no damage.
You hit the dire elephant.
The dire elephant looks as sick as possible!
The dire elephant is almost dead.
You slice the dire elephant simulacrum!!
You hit the dire elephant.
The dire elephant looks as sick as possible!
You hit the dire elephant simulacrum but do no damage.
The dire elephant tramples you!
You hold your ground!
You block the dire elephant's attack.
You block the dire elephant simulacrum's attack.
The dire elephant simulacrum closely misses you.
The necromancer gestures wildly while chanting.
The necromancer binds the souls of nearby monsters.
12764 ||| READING scroll of teleportation.
As you read the scroll of teleportation, it crumbles to dust.
You feel strangely unstable.
The dire elephant tramples you but does no damage.
You block the dire elephant's attack.
The dire elephant simulacrum splashes around in the water. x2
The dire elephant tramples you!
You hold your ground!
The dire elephant closely misses you.
The necromancer mumbles some strange words.
The necromancer binds the souls of nearby monsters.
The dire elephant simulacrum tramples you but does no damage.
The dire elephant simulacrum trunk-slaps you but does no damage.
12765 ||| DRINKING 2 potions of heal wounds.
You feel much better.
The dire elephant tramples you but does no damage.
You block the dire elephant's attack. x2
The dire elephant trunk-slaps you but does no damage.
The dire elephant simulacrum barely misses you.
The dire elephant simulacrum trunk-slaps you.
The dire elephant simulacrum freezes you!!!
You die...

##8..8##.#............
########.#............
#8:!8##8.#............
#.!?.#8..'............
#..p.#P}.%............
#....#8..'............
#8..8##8.#............
#'p####.#............
##~~Z@##.#............
#~~~YYZ#.#............
#~~~~~~#.#...P........
#..~~~##.#....#.......
##.P.~#..#............
##'####.##.......P....
#8.8#...#7.........P..
#...#.###P........#...
####..##.#
P.#......###..


You could see 2 dire elephants, a necromancer and 2 dire elephant simulacra.

Vanquished Creatures
  Kirke (Lair:3)
  4 dire elephants (Lair:5)
  Snorg (Lair:3)
  2 hydras
  Fannar (Lair:2)
  Erica (Lair:2)
  A two-headed ogre (D:5)
  A spectral dire elephant (Lair:5)
  A spectral death yak (Lair:5)
  A spectral anaconda (Lair:5)
  A lindwurm (Lair:5)
  2 necromancers (Lair:5)
  11 elephants
  4 black mambas
  A merfolk siren (Lair:2)
  A torpor snail (Lair:3)
  11 cane toads
  5 rime drakes
  16 komodo dragons
  A polar bear (Lair:1)
  A hornet (D:9)
  7 blink frogs
  Prince Ribbit (D:8)
  A spectral elephant (Lair:5)
  A dire elephant simulacrum (Lair:5)
  56 yaks
  3 basilisks
  Eustachio (D:5)
  3 fire bats (Lair:2)
  3 wyverns
  A steam dragon (Lair:5)
  Grum (D:8)
  2 hogs (Lair:3)
  2 humans (Lair:3)
  Edmund (D:5)
  4 nagas (Lair:3)
  12 water moccasins
  An acid dragon (Lair:5)
  Duvessa (D:4)
  An ice beast (D:5)
  2 black bears
  A swamp drake (Lair:5)
  An orc warrior (D:9)
  An elephant zombie (Lair:5)
  2 sky beasts (D:7)
  3 centaurs
  An ogre (D:5)
  15 wolves
  3 phantoms
  4 kobold brigands
  Blork the orc (D:5)
  4 gnoll sergeants
  9 bullfrogs
  3 scorpions
  9 wights
  Dowan (D:4)
  9 killer bees (D:8)
  An electric eel (Lair:2)
  4 howler monkeys
  2 orc priests
  A hound (D:6)
  A gnoll bouda (D:6)
  7 jellies
  7 hell rats (Lair:1)
  13 iguanas
  8 orc wizards
  Robin (D:4)
  22 gnolls
  5 adders
  A shadow imp (D:6)
  A white imp (D:7)
  5 ufetubi
  A worm (D:3)
  6 dart slugs
  21 orcs
  4 bats
  10 endoplasms
  2 giant cockroaches
  15 goblins
  14 hobgoblins
  4 jackals
  20 kobolds
  2 quokkas (D:2)
  7 ball pythons
  14 frilled lizards (Lair:2)
  11 rats
449 creatures vanquished.

Vanquished Creatures (others)
  13 fungi
  10 plants
  12 withered plants (Lair:5)
35 creatures vanquished.

Grand Total: 484 creatures vanquished

Notes
Turn   | Place    | Note
-------+----------+-------------------------------------------
     0 | D:1      | qw the Gargoyle Fighter began the quest for the Orb.
     0 | D:1      | Reached XP level 1. HP: 14/14 MP: 1/1
     0 | D:1      | 0 ||| qw: Version: 0.2-a-17-g06abaee
     0 | D:1      | 0 ||| qw: Game counter: 2335
     0 | D:1      | 0 ||| qw: Always use a shield: true
     0 | D:1      | 0 ||| qw: God list: Okawaru
     0 | D:1      | 0 ||| qw: Allow faded altars: false
     0 | D:1      | 0 ||| qw: Do Orc after D:15 true
     0 | D:1      | 0 ||| qw: Do second Lair branch before Depths: true
     0 | D:1      | 0 ||| qw: Lair rune preference: random
     0 | D:1      | 0 ||| qw: Plans: Normal, Zot:1-4, God:TSO, Crypt, Tomb,
                  | Pan, Slime:5, Hells, Abyss, Orb
     0 | D:1      | 0 ||| PLANNING D:1-11
    44 | D:1      | Reached skill level 2 in Axes
    97 | D:1      | Reached XP level 2. HP: 19/19 MP: 2/2
   794 | D:1      | Found a faded altar of an unknown god.
   947 | D:1      | 947 ||| UPGRADING to +0 helmet.
   952 | D:1      | 952 ||| UPGRADING to +2 pair of boots.
   957 | D:1      | 957 ||| READING scroll labelled TAIBLU WU TEQIE.
   958 | D:1      | 958 ||| READING scroll labelled HYHUESKEMUB.
  1006 | D:2      | 1006 ||| STAIRDANCE
  1016 | D:2      | 1016 ||| STAIRDANCE
  1021 | D:1      | Reached skill level 3 in Axes
  1045 | D:2      | Reached XP level 3. HP: 20/23 MP: 3/3
  1045 | D:2      | 1045 ||| STAIRDANCE
  1234 | D:2      | 1234 ||| Stepping ~*~*~tactically~*~*~ (hiding).
  1511 | D:2      | 1511 ||| DROPPING +0 club.
  1514 | D:2      | 1514 ||| DROPPING +0 whip.
  1709 | D:2      | 1709 ||| UPGRADING to +0 chain mail.
  1719 | D:2      | 1719 ||| DROPPING +0 scale mail.
  1720 | D:2      | 1720 ||| READING scroll labelled WOQOYF FOUTT.
  1721 | D:2      | 1721 ||| READING 2 scrolls labelled ETEWIN JID NEAJON.
  1724 | D:2      | 1724 ||| READING scroll labelled NUPTIRCH RAESEH.
  1725 | D:2      | 1725 ||| READING scroll labelled ZUSIR LOUNLAU.
  1726 | D:2      | 1726 ||| READING scroll labelled SAAR GAFEN.
  1843 | D:3      | Reached XP level 4. HP: 28/28 MP: 4/4
  2014 | D:3      | 2014 ||| Stepping ~*~*~tactically~*~*~ (stealth).
  2015 | D:3      | 2015 ||| Stepping ~*~*~tactically~*~*~ (stealth).
  2073 | D:3      | 2073 ||| Stepping ~*~*~tactically~*~*~ (hiding).
  2078 | D:3      | Reached skill level 4 in Axes
  2118 | D:3      | 2118 ||| Stepping ~*~*~tactically~*~*~ (stealth).
  2271 | D:3      | Found a burning altar of Makhleb.
  2274 | D:3      | Found a bloodstained altar of Trog.
  2277 | D:3      | Found a sacrificial altar of Ru.
  2292 | D:3      | Found a shimmering blue altar of Sif Muna.
  2420 | D:3      | 2420 ||| UPGRADING to +0 pair of gloves.
  2425 | D:3      | 2425 ||| UPGRADING to amulet of regeneration.
  2430 | D:3      | 2430 ||| READING scroll labelled WAAPPOIBRE.
  2430 | D:3      | Identified a scroll of acquirement
  2430 | D:3      | 2430 ||| ACQUIRING ring of Wunys {rPois rF- Int+2 Dex+6
                  | SInv}
  2430 | D:3      | Acquired the ring of Wunys {rPois rF- Int+2 Dex+6 SInv}
  2432 | D:3      | 2432 ||| UPGRADING to ring of Wunys {rPois rF- Int+2 Dex+6
                  | SInv}.
  2433 | D:3      | 2433 ||| READING 2 scrolls labelled UMAIPH VETUD.
  2434 | D:3      | 2434 ||| READING scroll labelled XIUTI XO AGUYMN.
  2435 | D:3      | 2435 ||| DRINKING 2 glowing dark potions.
  2436 | D:3      | 2436 ||| DRINKING 4 brown potions.
  2436 | D:3      | Gained mutation: Your magical capacity is low. (-10% MP)
                  | [potion of mutation]
  2436 | D:3      | Gained mutation: You are weak. (Str -2) [potion of
                  | mutation]
  2437 | D:3      | 2437 ||| DROPPING scroll of magic mapping.
  2457 | D:4      | 2457 ||| STAIRDANCE
  2465 | D:4      | Noticed Duvessa
  2466 | D:4      | 2466 ||| STAIRDANCE
  2480 | D:4      | Killed Duvessa
  2481 | D:4      | Reached XP level 5. HP: 24/32 MP: 4/4
  2481 | D:4      | 2481 ||| STAIRDANCE
  2492 | D:4      | Noticed Dowan
  2493 | D:4      | 2493 ||| Stepping ~*~*~tactically~*~*~ (hiding).
  2499 | D:4      | 2499 ||| Stepping ~*~*~tactically~*~*~ (hiding).
  2503 | D:4      | Killed Dowan
  2504 | D:4      | Reached XP level 6. HP: 37/37 MP: 5/5
  2660 | D:4      | Noticed a black bear
  2670 | D:4      | Killed a black bear
  2671 | D:4      | Reached skill level 5 in Axes
  2679 | D:4      | Noticed Robin
  2694 | D:4      | Killed Robin
  2743 | D:4      | 2743 ||| READING scroll of enchant armour.
  2743 | D:4      | 2743 ||| ENCHANTING +0 pair of gloves.
  2755 | D:4      | Found a hide-covered altar of Uskayaw.
  2822 | D:4      | 2822 ||| READING scroll of enchant weapon.
  2822 | D:4      | 2822 ||| ENCHANTING +1 war axe of venom.
  2946 | D:4      | 2946 ||| Stepping ~*~*~tactically~*~*~ (water).
  2950 | D:4      | Reached XP level 7. HP: 35/43 MP: 6/6
  3054 | D:4      | 3054 ||| Stepping ~*~*~tactically~*~*~ (hiding).
  3064 | D:4      | Found Kuavo's General Store.
  3078 | D:4      | 3078 ||| BUYING +0 cloak of poison resistance (85 gold).
  3078 | D:4      | Bought a +0 cloak of poison resistance for 85 gold pieces
  3078 | D:4      | 3078 ||| SHOPLISTING amulet of Oenomania {Spirit SInv} (412
                  | gold, have 223).
  3078 | D:4      | 3078 ||| SHOPLISTING ring of Res Nullius {Fire Will+ Dex+4}
                  | (460 gold, have 223).
  3078 | D:4      | 3078 ||| BUYING scroll of identify (20 gold).
  3078 | D:4      | Bought a scroll of identify for 20 gold pieces
  3184 | D:4      | Found a runed translucent door.
  3185 | D:4      | Noticed Crazy Yiuf
  3305 | D:4      | 3305 ||| UPGRADING to +0 cloak of poison resistance.
  3310 | D:4      | 3310 ||| DRINKING 2 cyan potions.
  3311 | D:4      | 3311 ||| DRINKING 3 metallic yellow potions.
  3312 | D:4      | 3312 ||| READING 2 scrolls of identify.
  3312 | D:4      | 3312 ||| IDENTIFYING clear potion
  3324 | D:5      | Entered Level 5 of the Dungeon
  3325 | D:5      | Noticed a two-headed ogre
  3329 | D:5      | Reached skill level 6 in Axes
  3331 | D:5      | HP: 8/43 [gnoll sergeant/+0 spear (4)]
  3332 | D:5      | 3332 ||| READING scroll of teleportation.
  3332 | D:5      | Killed a two-headed ogre
  3332 | D:5      | HP: 3/43 [gnoll sergeant/+0 spear (6)]
  3333 | D:5      | Reached skill level 8 in Axes
  3333 | D:5      | Reached XP level 8. HP: 4/48 MP: 7/7
  3422 | D:5      | 3422 ||| Stepping ~*~*~tactically~*~*~ (stealth).
  3424 | D:5      | 3424 ||| Stepping ~*~*~tactically~*~*~ (hiding).
  3461 | D:5      | Noticed Edmund
  3462 | D:5      | 3462 ||| Stepping ~*~*~tactically~*~*~ (stealth).
  3463 | D:5      | 3463 ||| Stepping ~*~*~tactically~*~*~ (stealth).
  3480 | D:5      | Killed Edmund
  3487 | D:5      | 3487 ||| DROPPING +0 flail.
  3489 | D:5      | Found a staircase to the Ecumenical Temple.
  3490 | D:5      | 3490 ||| PLANNING TEMPLE
  3497 | Temple   | Entered the Ecumenical Temple
  3513 | Temple   | 3513 ||| PLANNING OKAWARU WORSHIP
  3526 | Temple   | Became a worshipper of Warmaster Okawaru
  3527 | Temple   | 3527 ||| PLANNING D:1-11
  3539 | D:5      | 3539 ||| Stepping ~*~*~tactically~*~*~ (stealth).
  3651 | D:5      | Reached skill level 6 in Fighting
  3687 | D:5      | 3687 ||| Stepping ~*~*~tactically~*~*~ (stealth).
  3688 | D:5      | 3688 ||| Stepping ~*~*~tactically~*~*~ (stealth).
  3694 | D:5      | Reached XP level 9. HP: 55/55 MP: 8/8
  3724 | D:5      | Noticed Eustachio
  3738 | D:5      | Killed Eustachio
  3821 | D:5      | 3821 ||| Stepping ~*~*~tactically~*~*~ (hiding).
  3829 | D:5      | Reached skill level 9 in Axes
  3971 | D:5      | Reached * piety under Okawaru
  4024 | D:5      | 4024 ||| Stepping ~*~*~tactically~*~*~ (stealth).
  4177 | D:5      | Reached skill level 1 in Invocations
  4195 | D:5      | Noticed Blork the orc
  4196 | D:5      | 4196 ||| Stepping ~*~*~tactically~*~*~ (hiding).
  4200 | D:5      | 4200 ||| INVOKING Heroism.
  4205 | D:5      | Killed Blork the orc
  4536 | D:5      | 4536 ||| UPGRADING to +0 kite shield.
  4546 | D:5      | 4546 ||| DROPPING +0 buckler.
  4547 | D:5      | 4547 ||| READING scroll labelled ZES ZUC KAUCW.
  4571 | D:6      | 4571 ||| Stepping ~*~*~tactically~*~*~ (stealth).
  4572 | D:6      | 4572 ||| Stepping ~*~*~tactically~*~*~ (stealth).
  4574 | D:6      | 4574 ||| Stepping ~*~*~tactically~*~*~ (stealth).
  4576 | D:6      | 4576 ||| Stepping ~*~*~tactically~*~*~ (stealth).
  4580 | D:6      | 4580 ||| STAIRDANCE
  4588 | D:6      | 4588 ||| STAIRDANCE
  4607 | D:6      | 4607 ||| STAIRDANCE
  4613 | D:5      | Reached skill level 3 in Invocations
  4613 | D:5      | Reached ** piety under Okawaru
  4629 | D:6      | 4629 ||| STAIRDANCE
  4645 | D:6      | 4645 ||| INVOKING Heroism.
  4646 | D:6      | 4646 ||| Stepping ~*~*~tactically~*~*~ (hiding).
  4661 | D:6      | Reached skill level 6 in Shields
  4700 | D:6      | 4700 ||| INVOKING Heroism.
  4784 | D:6      | Reached XP level 10. HP: 52/60 MP: 11/11
  4832 | D:6      | 4832 ||| INVOKING Heroism.
  4969 | D:6      | Found a basalt altar of Yredelemnul.
  4972 | D:6      | Found a shadowy altar of Dithmenos.
  4976 | D:6      | Found a broken altar of Ashenzari.
  5210 | D:6      | 5210 ||| INVOKING Heroism.
  5252 | D:6      | 5252 ||| Stepping ~*~*~tactically~*~*~ (hiding).
  5368 | D:6      | 5368 ||| READING scroll labelled WOFUEM ULIAMO.
  5369 | D:6      | 5369 ||| READING 2 scrolls labelled FOKHES GUSOESYCU.
  5370 | D:6      | 5370 ||| READING scroll labelled XONUIM VOFAQ.
  5371 | D:6      | 5371 ||| DRINKING 2 smoky silvery potions.
  5372 | D:6      | 5372 ||| DRINKING 2 fizzy cyan potions.
  5373 | D:6      | 5373 ||| READING 3 scrolls of identify.
  5373 | D:6      | 5373 ||| IDENTIFYING bubbling green potion
  5374 | D:6      | 5374 ||| READING 2 scrolls of identify.
  5374 | D:6      | 5374 ||| IDENTIFYING bubbling ruby potion
  5375 | D:6      | 5375 ||| DROPPING potion of degeneration.
  5376 | D:6      | 5376 ||| DROPPING potion of flight.
  5377 | D:6      | 5377 ||| DROPPING potion of berserk rage.
  5378 | D:6      | 5378 ||| DROPPING scroll of fear.
  5429 | D:7      | 5429 ||| Stepping ~*~*~tactically~*~*~ (hiding).
  5458 | D:7      | 5458 ||| Stepping ~*~*~tactically~*~*~ (hiding).
  5462 | D:7      | Reached skill level 1 in Throwing
  5726 | D:7      | 5726 ||| INVOKING Heroism.
  5788 | D:7      | 5788 ||| DROPPING amulet of the acrobat.
  5789 | D:7      | 5789 ||| UPGRADING to +4 ring of protection.
  5879 | D:8      | 5879 ||| INVOKING Heroism.
  5886 | D:8      | Reached skill level 6 in Armour
  5930 | D:8      | 5930 ||| Stepping ~*~*~tactically~*~*~ (stealth).
  5932 | D:8      | 5932 ||| INVOKING Heroism.
  5933 | D:8      | Noticed Prince Ribbit
  5938 | D:8      | Reached *** piety under Okawaru
  5949 | D:8      | Killed Prince Ribbit
  5976 | D:8      | Found a blossoming altar of Fedhas.
  6078 | D:8      | 6078 ||| READING scroll of acquirement.
  6078 | D:8      | 6078 ||| ACQUIRING 1031 gold pieces
  6078 | D:8      | Acquired 1031 gold pieces
  6113 | D:8      | 6113 ||| Stepping ~*~*~tactically~*~*~ (stealth).
  6115 | D:8      | 6115 ||| Stepping ~*~*~tactically~*~*~ (stealth).
  6188 | D:8      | 6188 ||| Stepping ~*~*~tactically~*~*~ (hiding).
  6235 | D:8      | 6235 ||| DROPPING +2 flail of protection.
  6380 | D:8      | 6380 ||| Stepping ~*~*~tactically~*~*~ (hiding).
  6405 | D:8      | 6405 ||| SWAPPING to +5 war axe.
  6406 | D:8      | 6406 ||| DROPPING +2 war axe of venom.
  6562 | D:8      | Noticed Grum
  6563 | D:8      | 6563 ||| Stepping ~*~*~tactically~*~*~ (stealth).
  6569 | D:8      | Reached skill level 9 in Shields
  6569 | D:8      | Paralysed by Grum for 3 turns
  6573 | D:8      | 6573 ||| INVOKING Heroism.
  6583 | D:8      | Killed Grum
  6752 | D:8      | 6752 ||| INVOKING Heroism.
  6917 | D:9      | 6917 ||| Stepping ~*~*~tactically~*~*~ (stealth).
  6927 | D:9      | Identified the +2 ring mail of Wu Jian's Generosity {rF++
                  | rN+ Stlth-}
  6938 | D:9      | 6938 ||| INVOKING Heroism.
  6965 | D:9      | Found a staircase to the Lair.
  7056 | D:9      | Reached **** piety under Okawaru
  7057 | D:9      | Reached skill level 10 in Axes
  7121 | D:9      | Reached XP level 11. HP: 66/67 MP: 12/12
  7280 | D:9      | 7280 ||| INVOKING Heroism.
  7296 | D:9      | 7296 ||| READING scroll of enchant armour.
  7296 | D:9      | 7296 ||| ENCHANTING +1 pair of gloves.
  7433 | D:9      | 7433 ||| Stepping ~*~*~tactically~*~*~ (stealth).
  7434 | D:9      | 7434 ||| Stepping ~*~*~tactically~*~*~ (stealth).
  7681 | D:9      | 7681 ||| PLANNING LAIR
  7681 | D:9      | 7681 ||| UPGRADING to +2 ring mail of Wu Jian's Generosity
                  | {rF++ rN+ Stlth-}.
  7691 | D:9      | 7691 ||| DROPPING +0 chain mail.
  7692 | D:9      | 7692 ||| UPGRADING to +0 plate armour.
  7702 | D:9      | 7702 ||| READING 2 scrolls labelled GISUV XYMAEFURA.
  7703 | D:9      | 7703 ||| READING 2 scrolls of identify.
  7703 | D:9      | 7703 ||| IDENTIFYING orange potion
  7704 | D:9      | 7704 ||| DROPPING scroll of noise.
  7705 | D:9      | 7705 ||| DROPPING potion of ambrosia.
  7756 | Lair:1   | Entered Level 1 of the Lair of Beasts
  7757 | Lair:1   | 7757 ||| INVOKING Heroism.
  7793 | Lair:1   | 7793 ||| INVOKING Heroism.
  7796 | Lair:1   | Reached ***** piety under Okawaru
  7797 | Lair:1   | Reached skill level 6 in Invocations
  7866 | Lair:1   | 7866 ||| Stepping ~*~*~tactically~*~*~ (stealth).
  7876 | Lair:1   | 7876 ||| INVOKING Heroism.
  7880 | Lair:1   | 7880 ||| Stepping ~*~*~tactically~*~*~ (stealth).
  7886 | Lair:1   | Received a gift from Okawaru
  7890 | Lair:1   | 7890 ||| Stepping ~*~*~tactically~*~*~ (stealth).
  7892 | Lair:1   | 7892 ||| Stepping ~*~*~tactically~*~*~ (hiding).
  7894 | Lair:1   | 7894 ||| Stepping ~*~*~tactically~*~*~ (hiding).
  7915 | Lair:1   | 7915 ||| INVOKING Heroism.
  8018 | Lair:1   | 8018 ||| INVOKING Heroism.
  8035 | Lair:1   | Received a gift from Okawaru
  8044 | Lair:1   | 8044 ||| INVOKING Heroism.
  8132 | Lair:1   | 8132 ||| Stepping ~*~*~tactically~*~*~ (stealth).
  8133 | Lair:1   | 8133 ||| Stepping ~*~*~tactically~*~*~ (stealth).
  8137 | Lair:1   | 8137 ||| INVOKING Heroism.
  8147 | Lair:1   | Received a gift from Okawaru
  8148 | Lair:1   | Reached skill level 3 in Throwing
  8169 | Lair:1   | 8169 ||| Stepping ~*~*~tactically~*~*~ (stealth).
  8172 | Lair:1   | 8172 ||| Stepping ~*~*~tactically~*~*~ (stealth).
  8173 | Lair:1   | 8173 ||| Stepping ~*~*~tactically~*~*~ (stealth).
  8183 | Lair:1   | 8183 ||| Stepping ~*~*~tactically~*~*~ (hiding).
  8184 | Lair:1   | 8184 ||| Stepping ~*~*~tactically~*~*~ (hiding).
  8189 | Lair:1   | 8189 ||| INVOKING Heroism.
  8198 | Lair:1   | 8198 ||| Stepping ~*~*~tactically~*~*~ (stealth).
  8200 | Lair:1   | 8200 ||| Stepping ~*~*~tactically~*~*~ (stealth).
  8215 | Lair:1   | 8215 ||| Stepping ~*~*~tactically~*~*~ (stealth).
  8220 | Lair:1   | 8220 ||| Stepping ~*~*~tactically~*~*~ (stealth).
  8255 | Lair:1   | 8255 ||| READING scroll of enchant armour.
  8255 | Lair:1   | 8255 ||| ENCHANTING +0 helmet.
  8303 | Lair:1   | 8303 ||| INVOKING Heroism.
  8591 | Lair:1   | 8591 ||| UPGRADING to +2 plate armour of fire resistance.
  8601 | Lair:1   | 8601 ||| DROPPING +2 ring mail of Wu Jian's Generosity
                  | {rF++ rN+ Stlth-}.
  8602 | Lair:1   | 8602 ||| DROPPING +0 plate armour.
  8639 | Lair:2   | Reached XP level 12. HP: 73/73 MP: 16/16
  8642 | Lair:2   | Found a dark tunnel.
  8676 | Lair:2   | Noticed Fannar
  8684 | Lair:2   | 8684 ||| INVOKING Heroism.
  8705 | Lair:2   | Killed Fannar
  8706 | Lair:2   | Reached skill level 9 in Invocations
  8770 | Lair:2   | 8770 ||| Stepping ~*~*~tactically~*~*~ (stealth).
  8771 | Lair:2   | 8771 ||| INVOKING Heroism.
  8793 | Lair:2   | 8793 ||| Stepping ~*~*~tactically~*~*~ (stealth).
  8794 | Lair:2   | 8794 ||| Stepping ~*~*~tactically~*~*~ (stealth).
  8860 | Lair:2   | 8860 ||| Stepping ~*~*~tactically~*~*~ (stealth).
  8864 | Lair:2   | 8864 ||| Stepping ~*~*~tactically~*~*~ (stealth).
  8873 | Lair:2   | 8873 ||| INVOKING Heroism.
  8932 | Lair:2   | Noticed Erica
  8933 | Lair:2   | 8933 ||| Stepping ~*~*~tactically~*~*~ (hiding).
  8936 | Lair:2   | 8936 ||| INVOKING Heroism.
  8937 | Lair:2   | 8937 ||| Stepping ~*~*~tactically~*~*~ (hiding).
  8938 | Lair:2   | 8938 ||| INVOKING Finesse.
  8945 | Lair:2   | Killed Erica
  8946 | Lair:2   | Reached skill level 11 in Axes
  8954 | Lair:2   | 8954 ||| INVOKING Heroism.
  8969 | Lair:2   | 8969 ||| Stepping ~*~*~tactically~*~*~ (stealth).
  9004 | Lair:2   | 9004 ||| Stepping ~*~*~tactically~*~*~ (stealth).
  9005 | Lair:2   | 9005 ||| Stepping ~*~*~tactically~*~*~ (stealth).
  9006 | Lair:2   | 9006 ||| INVOKING Heroism.
  9008 | Lair:2   | 9008 ||| Stepping ~*~*~tactically~*~*~ (stealth).
  9147 | Lair:2   | 9147 ||| Stepping ~*~*~tactically~*~*~ (stealth).
  9234 | Lair:2   | 9234 ||| INVOKING Heroism.
  9296 | Lair:2   | Found a staircase to the Shoals.
  9297 | Lair:2   | 9297 ||| Stepping ~*~*~tactically~*~*~ (hiding).
  9298 | Lair:2   | 9298 ||| Stepping ~*~*~tactically~*~*~ (hiding).
  9413 | Lair:2   | 9413 ||| INVOKING Heroism.
  9414 | Lair:2   | 9414 ||| Stepping ~*~*~tactically~*~*~ (stealth).
  9486 | Lair:2   | Noticed an eight-headed hydra
  9487 | Lair:2   | 9487 ||| INVOKING Heroism.
  9489 | Lair:2   | 9489 ||| Stepping ~*~*~tactically~*~*~ (stealth).
  9490 | Lair:2   | 9490 ||| SWAPPING to +0 morningstar.
  9499 | Lair:2   | Killed an eight-headed hydra
  9500 | Lair:2   | Reached skill level 9 in Fighting
  9500 | Lair:2   | 9500 ||| SWAPPING to +5 war axe.
  9977 | Lair:2   | 9977 ||| READING scroll labelled INOMOE XUELIRPH.
 10178 | Lair:3   | 10178 ||| INVOKING Heroism.
 10184 | Lair:3   | Reached skill level 9 in Armour
 10207 | Lair:3   | 10207 ||| INVOKING Heroism.
 10440 | Lair:3   | Noticed Kirke
 10441 | Lair:3   | 10441 ||| INVOKING Heroism.
 10442 | Lair:3   | 10442 ||| INVOKING Finesse.
 10449 | Lair:3   | Found a staircase to the Snake Pit.
 10460 | Lair:3   | Killed Kirke
 10460 | Lair:3   | Received a gift from Okawaru
 10461 | Lair:3   | Reached skill level 12 in Axes
 10461 | Lair:3   | Reached XP level 13. HP: 80/80 MP: 11/18
 10470 | Lair:3   | Reached skill level 3 in Dodging
 10599 | Lair:3   | 10599 ||| SWAPPING to +1 broad axe of freezing.
 10600 | Lair:3   | 10600 ||| DROPPING +5 war axe.
 10697 | Lair:3   | 10697 ||| INVOKING Heroism.
 10737 | Lair:3   | Noticed Snorg
 10738 | Lair:3   | 10738 ||| INVOKING Finesse.
 10752 | Lair:3   | Killed Snorg
 11003 | Lair:4   | 11003 ||| INVOKING Heroism.
 11004 | Lair:4   | 11004 ||| STAIRDANCE
 11018 | Lair:4   | 11018 ||| STAIRDANCE
 11057 | Lair:4   | 11057 ||| INVOKING Heroism.
 11071 | Lair:4   | Found a viscous altar of Jiyva.
 11073 | Lair:4   | Found a staircase to the Slime Pits.
 11104 | Lair:4   | 11104 ||| INVOKING Heroism.
 11121 | Lair:4   | 11121 ||| READING scroll of brand weapon.
 11121 | Lair:4   | 11121 ||| BRANDING +1 broad axe of freezing.
 11252 | Lair:4   | 11252 ||| INVOKING Heroism.
 11412 | Lair:4   | 11412 ||| Stepping ~*~*~tactically~*~*~ (stealth).
 11415 | Lair:4   | 11415 ||| INVOKING Heroism.
 11425 | Lair:4   | Received a gift from Okawaru
 11509 | Lair:4   | 11509 ||| INVOKING Heroism.
 11528 | Lair:4   | 11528 ||| Stepping ~*~*~tactically~*~*~ (stealth).
 11709 | Lair:5   | Entered Level 5 of the Lair of Beasts
 11713 | Lair:5   | 11713 ||| INVOKING Heroism.
 11714 | Lair:5   | 11714 ||| STAIRDANCE
 11772 | Lair:5   | 11772 ||| INVOKING Heroism.
 11799 | Lair:5   | 11799 ||| INVOKING Heroism.
 11870 | Lair:5   | Reached skill level 13 in Axes
 12021 | Lair:5   | 12021 ||| Stepping ~*~*~tactically~*~*~ (hiding).
 12022 | Lair:5   | 12022 ||| Stepping ~*~*~tactically~*~*~ (hiding).
 12026 | Lair:5   | 12026 ||| INVOKING Heroism.
 12039 | Lair:5   | 12039 ||| INVOKING Finesse.
 12044 | Lair:5   | 12044 ||| SWAPPING to +0 morningstar.
 12045 | Lair:5   | 12045 ||| SWAPPING to +1 broad axe of venom.
 12047 | Lair:5   | 12047 ||| SWAPPING to +0 morningstar.
 12051 | Lair:5   | 12051 ||| Stepping ~*~*~tactically~*~*~ (stealth).
 12056 | Lair:5   | 12056 ||| SWAPPING to +1 broad axe of venom.
 12076 | Lair:5   | Received a gift from Okawaru
 12366 | Lair:5   | 12366 ||| Stepping ~*~*~tactically~*~*~ (hiding).
 12378 | Lair:5   | Reached ****** piety under Okawaru
 12436 | Lair:5   | Noticed a dire elephant
 12436 | Lair:5   | Noticed a dire elephant
 12436 | Lair:5   | Noticed a dire elephant
 12437 | Lair:5   | Noticed a dire elephant
 12451 | Lair:5   | Noticed a dire elephant
 12453 | Lair:5   | 12453 ||| INVOKING Heroism.
 12473 | Lair:5   | Killed a dire elephant
 12474 | Lair:5   | Gained mutation: Your large and strong wings let you fly.
                  | [Gargoyle growth]
 12474 | Lair:5   | Reached XP level 14. HP: 87/88 MP: 19/19
 12491 | Lair:5   | Received a gift from Okawaru
 12530 | Lair:5   | Noticed a dire elephant
 12531 | Lair:5   | 12531 ||| INVOKING Heroism.
 12545 | Lair:5   | Killed a dire elephant
 12546 | Lair:5   | Reached skill level 14 in Axes
 12627 | Lair:5   | 12627 ||| Stepping ~*~*~tactically~*~*~ (hiding).
 12738 | Lair:5   | 12738 ||| INVOKING Heroism.
 12743 | Lair:5   | 12743 ||| Stepping ~*~*~tactically~*~*~ (hiding).
 12753 | Lair:5   | Killed a dire elephant
 12753 | Lair:5   | Received a gift from Okawaru
 12756 | Lair:5   | Killed a dire elephant
 12763 | Lair:5   | HP: 20/90 [dire elephant (14)]
 12764 | Lair:5   | 12764 ||| READING scroll of teleportation.
 12764 | Lair:5   | HP: 5/90 [dire elephant (16)]
 12765 | Lair:5   | 12765 ||| DRINKING 2 potions of heal wounds.
 12765 | Lair:5   | Demolished by a dire elephant simulacrum

Levels and vault maps discovered:
D:1:      dpeg_arrival_houses_and_road, layout_basic,
          chequers_ecumenical_altar_grove, serial_forest,
          infiniplex_forest_clump_curved, infiniplex_forest_straight_4,
          infiniplex_forest_corner_1, infiniplex_forest_clump_double,
          infiniplex_forest_clump_medium, bh_walls_and_bars
D:2:      layout_rooms, serial_bayou, serial_bayou_pond_a, serial_bayou_pond_a,
          serial_bayou_shore_b, serial_bayou_pond_c,
          minmay_fractal_squares_gapless_5
D:3:      layout_loops_ring, nicolae_overflow_quartered_altars
D:4:      layout_gridville, mainiacjoe_overflow_tiny_flanked,
          nicolae_stop_n_shop_2, serial_bayou_ford_a, uniq_robin, uniq_duvessa,
          uniq_crazy_yiuf_cottage
D:5:      layout_loops_corners, minmay_temple_entry_steel_oval,
          chequers_serial_rivers_micro_d, minmay_manual_mail, uniq_edmund,
          uniq_eustachio, uniq_blork_the_orc
D:6:      layout_gridville, grunt_temple_overflow_diamond
D:7:      layout_rooms
D:8:      layout_basic, fedhas_ov_isle_minmay, uniq_grum, uniq_prince_ribbit1
D:9:      layout_long_grid, lair_entry_dummy, minmay_misc_feat_encased
Temple:   nicolae_temple_ecumenical_triangle
Lair:1:   layout_chaotic_city
Lair:2:   lemuel_reptile_caves, layout_regular_city,
          minmay_shoals_entry_lonely_mermaid, nicolae_volcano_entry_batcave,
          st_stairs_3, nicolae_quartered_pool_little,
          nicolae_lair_grove_arrangements, uniq_erica, uniq_fannar
Lair:3:   layout_hall_layers, minmay_snake_entry_guardpost_small,
          grunt_megastairs_4, uniq_kirke, uniq_snorg
Lair:4:   layout_gridlike, nicolae_slime_entry_slimehenge, minivault_19,
          infiniplex_staircase_pool_2
Lair:5:   due_jungle_book, layout_cave_shapes, guppyfry_lair_drakes,
          lemuel_fruit_tree, lemuel_fruit_fields, serial_bayou_shore_a

Skill      XL: |  1  2  3  4  5  6  7  8  9 10 11 12 13 14 |
---------------+-------------------------------------------+-----
Axes           | 2 3 4 5 8 9 10 12 13 14 | 14.0
Dodging        | 2 3 |  3.0
Fighting       | 4 6 7 8 9 10 11 | 11.0
Armour         | 4 5 6 8 9 10 | 10.2
Shields        | 6 9 10 11 | 11.2
Invocations    | 4 8 10 | 10.0
Throwing       | 2 3 4 |  4.3

Action                   |  1- 3 |  4- 6 |  7- 9 | 10-12 | 13-15 || total
-------------------------+-------+-------+-------+-------+-------++-------
Melee: War axe           |    85 |    98 |   184 |   597 |    15 ||   979
       Morningstar       |       |       |       |     9 |     7 ||    16
       Broad axe         |       |       |       |       |   391 ||   391
Throw: Boomerang         |       |       |       |    93 |    58 ||   151
       Javelin           |       |       |       |    30 |    22 ||    52
Invok: Heroism           |       |       |     3 |    30 |    14 ||    47
       Finesse           |       |       |       |     2 |     2 ||     4
  Use: Scroll            |     7 |     5 |     3 |    11 |     2 ||    28
       Potion            |       |     2 |     2 |     2 |     1 ||     7
Armor: Scale mail        |    40 |       |       |       |       ||    40
       Chain mail        |     1 |    69 |   105 |    91 |       ||   266
       Plate armour      |       |       |       |   236 |   227 ||   463
Dodge: Dodged            |    40 |    40 |    60 |   159 |   116 ||   415
Block: Buckler           |    12 |    22 |    32 |       |       ||    66
       Kite shield       |       |       |    33 |   330 |   249 ||   612

Table legend:
 A = Non-vault XP
 B = Vault XP
 C = Vault XP percentage of total XP
 D = Non-vault monster count
 E = Vault monster count
 F = Vault count percentage of total count
                 A         B        C        D         E       F
            +---------+---------+-------+---------+---------+-------
      Total |   38232 |   25943 |  40.4 |     332 |     115 |  25.7
            +---------+---------+-------+---------+---------+-------
        D:1 |      33 |       0 |   0.0 |      20 |       0 |   0.0
        D:2 |      44 |       1 |   2.2 |      19 |       1 |   5.0
        D:3 |      48 |       0 |   0.0 |      24 |       0 |   0.0
        D:4 |     382 |     247 |  39.3 |      18 |      14 |  43.8
        D:5 |    1558 |    1905 |  55.0 |      18 |      12 |  40.0
        D:6 |    1061 |       0 |   0.0 |      34 |       0 |   0.0
        D:7 |     855 |       0 |   0.0 |      19 |       0 |   0.0
        D:8 |    1213 |     678 |  35.9 |      23 |       4 |  14.8
        D:9 |    2146 |       0 |   0.0 |      31 |       0 |   0.0
     Lair:1 |    7706 |       0 |   0.0 |      39 |       0 |   0.0
     Lair:2 |    4355 |    5324 |  55.0 |      18 |      38 |  67.9
     Lair:3 |    2988 |    5866 |  66.3 |      14 |      18 |  56.2
     Lair:4 |    6890 |     133 |   1.9 |      23 |       6 |  20.7
     Lair:5 |    8953 |   11789 |  56.8 |      32 |      22 |  40.7
            +---------+---------+-------+---------+---------+-------
